Map: Jagannatha LE

Players

DPGZest (Zest) - Winner!

  • Race: Protoss Protoss
  • League: Master
  • Spawn Location: 1:00

INnoVation

  • Race: Terran Terran
  • League: Grandmaster
  • Spawn Location: 7:00

Event: StayAtHome Story Cup #3

VOD

Have the link to the VOD?

Description

Time

  • Played on: March 12, 2021, 10:46 a.m.
  • Length: 8:28

All games in this series

Show
View Real Time Build Order
Export as new Build Order

DPGZest Protoss - Winner!

Build Orders: 1 Gate Expand, Oracle Opening, Blink Stalkers 

Get SALT Encoding   

  12  0:00  Probe  
  13  0:12  Probe  
  14  0:17  Pylon  
  14  0:24  Probe (Chrono Boost)  
  15  0:36  Probe (Chrono Boost)  
  15  0:37  Gateway  
  16  0:45  Probe (Chrono Boost)  
  16  0:47  Assimilator  
  17  0:51  Probe  
  18  1:03  Probe  
  19  1:15  Probe  
  20  1:23  Nexus  
  20  1:33  Cybernetics Core  
  20  1:36  Probe  
  21  1:42  Assimilator  
  21  1:48  Probe  
  21  1:52  Pylon  
  22  2:00  Probe  
  23  2:07  Stalker (Chrono Boost)  
  23  2:13  Probe  
  26  2:17  Stargate  
  26  2:25  Probe  
  26  2:28  Warp Gate  
  27  2:35  Stalker  
  27  2:36  Probe (Chrono Boost)  
  30  2:44  Probe (Chrono Boost)  
  30  2:47  Probe (Chrono Boost)  
  31  2:52  Probe (Chrono Boost)  
  31  2:53  Probe (Chrono Boost)  
  33  3:00  Oracle (Chrono Boost)  
  33  3:02  Probe  
  33  3:03  Probe  
  38  3:10  Gateway  
  38  3:15  Probe x2  
  40  3:21  Twilight Council  
  40  3:27  Gateway  
  40  3:30  Probe  
  40  3:32  Probe  
  42  3:37  Pylon  
  42  3:42  Probe  
  42  3:44  Probe  
  42  3:48  Blink (Chrono Boost)  
  44  3:54  Probe  
  45  3:57  Probe  
  45  4:01  Pylon  
  46  4:05  Assimilator  
  47  4:14  Nexus  
  46  4:21  Stalker  
  46  4:22  Stalker  
  46  4:23  Stalker  
  52  4:26  Probe x2  
  54  4:33  Pylon  
  55  4:38  Probe x2  
  56  4:46  Stalker x3  
  56  4:52  Probe  
  63  4:53  Probe, Pylon  
  63  4:57  Pylon  
  64  5:09  Stalker x3  
  64  5:11  Probe (Chrono Boost)  
  64  5:12  Probe (Chrono Boost)  
  72  5:19  Pylon, Forge  
  72  5:23  Probe (Chrono Boost)  
  71  5:35  Stalker  
  71  5:36  Probe (Chrono Boost), Stalker x2  
  78  5:45  Probe  
  77  5:53  Probe  
  77  5:56  Probe  
  75  5:58  Probe  
  75  6:00  Charge (Chrono Boost), Stalker x3  
  82  6:05  Probe  
  82  6:06  Protoss Ground Weapons Level 1 (Chrono Boost)  
  81  6:12  Probe  
  81  6:16  Gateway  
  81  6:17  Gateway  
  82  6:19  Gateway  
  80  6:27  Probe x2  
  74  6:33  Probe  
  74  6:36  Stalker x2  
  74  6:37  Stalker  
  74  6:39  Probe  
  82  6:43  Probe  
  81  6:50  Probe  
  81  6:51  Probe  
  81  6:53  Gateway  
  81  6:54  Gateway, Pylon  
  83  7:00  Stalker x3  
  89  7:05  Gateway x2, Nexus  
  89  7:06  Dark Shrine  
  89  7:07  Pylon  
  89  7:30  Stalker x4  
  89  7:33  Pylon  
  89  7:35  Probe x2, Pylon  
  99  7:38  Probe  
  100  7:47  Probe x2, Gateway x2  
  100  7:51  Pylon  
  102  7:53  Pylon  
  102  7:57  Zealot x4  
  102  7:58  Zealot x5  
  118  7:59  Zealot  
  118  8:05  Robotics Facility  
  118  8:20  Zealot x7  
Show
View Real Time Build Order
Export as new Build Order

INnoVation Terran 

Build Orders: Reaper Expand 

Get SALT Encoding   

  12  0:00  SCV  
  13  0:12  SCV  
  14  0:17  Supply Depot  
  14  0:24  SCV  
  15  0:38  SCV  
  15  0:40  Barracks  
  16  0:43  Refinery  
  16  0:50  SCV  
  17  1:02  SCV  
  18  1:15  SCV  
  19  1:26  Reaper  
  19  1:27  Orbital Command  
  20  1:40  Command Center  
  20  1:49  Supply Depot  
  20  1:52  SCV  
  21  1:58  Marine  
  22  2:04  SCV  
  22  2:08  Factory  
  23  2:17  SCV  
  23  2:18  Refinery  
  23  2:21  Barracks Reactor  
  24  2:26  Bunker  
  24  2:29  SCV  
  25  2:41  SCV  
  25  2:51  Orbital Command  
  25  2:52  Starport  
  25  2:53  SCV  
  25  2:57  Widow Mine  
  25  2:58  Marine  
  28  3:02  Marine  
  28  3:05  SCV  
  31  3:16  Marine  
  31  3:17  SCV x2  
  31  3:19  Widow Mine, Marine  
  36  3:26  Supply Depot  
  37  3:28  Medivac  
  37  3:30  SCV x2  
  37  3:34  Marine  
  41  3:37  Marine  
  41  3:40  Factory Tech Lab  
  43  3:42  SCV x2  
  42  3:51  Marine  
  42  3:55  Marine  
  39  3:57  SCV x2  
  39  3:59  Siege Tank  
  39  4:00  Supply Depot  
  45  4:09  SCV x2, Marine  
  48  4:10  Starport Tech Lab  
  48  4:13  Marine  
  49  4:21  SCV x2  
  51  4:29  Command Center  
  51  4:31  Raven  
  51  4:34  SCV  
  51  4:35  SCV  
  55  4:41  Supply Depot  
  55  4:42  Marine x2  
  57  4:46  SCV  
  57  4:47  SCV  
  57  4:50  Siege Tank  
  62  4:53  Supply Depot  
  62  4:57  Barracks  
  62  5:03  SCV x2  
  64  5:07  Barracks  
  64  5:09  Refinery  
  64  5:10  Refinery  
  64  5:15  SCV x2  
  64  5:18  Marine x2  
  68  5:21  Supply Depot  
  68  5:27  SCV x2  
  65  5:29  Siege Tank  
  63  5:36  Marine x2  
  63  5:39  SCV x2  
  62  5:44  Orbital Command  
  62  5:48  Engineering Bay  
  61  5:51  SCV x2  
  61  5:54  Marine x2  
  60  6:01  Siege Tank  
  60  6:03  SCV x2  
  57  6:12  Marine x2  
  57  6:14  Barracks Tech Lab, Stimpack  
  57  6:15  SCV x2  
  61  6:21  SCV  
  58  6:26  Marine  
  58  6:27  SCV  
  58  6:29  Marine  
  54  6:39  Siege Tank  
  50  6:42  SCV  
  47  6:47  Marine  
  47  6:48  Marine  
  47  6:52  SCV x2  
  50  6:54  SCV  
  50  6:57  Missile Turret  
  50  7:00  Marine  
  52  7:03  Bunker  
  52  7:04  SCV x2  
  52  7:08  Marine  
  55  7:10  Marine  
  55  7:11  Marine  
  55  7:15  Siege Tank  
  59  7:18  SCV x2  
  59  7:21  Marine  
  60  7:26  Marine  
  60  7:27  Refinery  
  60  7:29  Starport Reactor  
  61  7:31  Marine x2  
  61  7:32  SCV x3  
  66  7:39  Marine  
  66  7:40  Refinery  
  66  7:44  SCV x2, Marine  
  69  7:50  Marine x2  
  72  7:54  Barracks  
  72  7:55  Barracks  
  72  7:57  Marine  
  72  7:58  SCV x3  
  79  8:01  Marine  
  80  8:07  Supply Depot x2  
  80  8:09  Marine x2  
  80  8:10  SCV  
  80  8:11  SCV x2  
Tags
 
Add a new tag
Caveats
  • Supply blocks, unpowered buildings, or Contaminate may cause inaccurate times.
  • Supply counts are checked every 10 seconds.